AoeStats
← ramiroale91

Arabia

510711466Analyzed
3v3 RM · 19h ago on Oct 2, 2026· 52m 58s· 6 players
Game mode
Random Map
Map size
Normal (6 player)
Population
200
Speed
Normal
Resources
Standard
Victory
Conquest
Starting age
Dark Age
Ending age
Imperial Age
RankedLock teamsTeams togetherTeam positionsShared explorationLock speedFull tech treeHidden civsTurbo modeCheats
Victory
Defeat
🇦🇷 Berbers · Argentina
970
+10
🇦🇷 Goths · Argentina
932
+11
753
+19
🇩🇪 Franks · Germany
867
-15
🇹🇷 Hindustanis · Türkiye
863
-15
🇭🇰 Varangians · Hong Kong SAR China
748
-10
DanNukes
5:03 Loom
12:28 Feudal Age
13:53 Wheelbarrow
18:27 Castle Age
22:24 Double-Bit Axe
22:58 Scale Barding Armor
31:48 Hand Cart
31:51 Forging
33:39 Iron Casting
33:50 Town Watch
35:33 Husbandry
36:53 Pikeman
39:35 Gold Mining
42:59 Imperial Age
41:49 Squires
41:34 Arson
41:58 Scale Mail Armor
42:19 Chain Barding Armor
43:40 Halberdier
43:42 Cavalier
45:25 Blast Furnace
44:42 Chain Mail Armor
45:09 Bow Saw
45:49 Conscription
老歪
0:29 Loom
11:06 Feudal Age
13:48 Horse Collar
17:11 Castle Age
15:33 Double-Bit Axe
18:32 Heavy Plow
18:56 Bow Saw
24:59 Forging
24:55 Scale Barding Armor
26:49 Scale Mail Armor
32:14 Squires
32:00 Gambesons
34:16 Iron Casting
38:48 Imperial Age
37:03 Husbandry
37:49 Bloodlines
38:51 Wheelbarrow
38:50 Chain Mail Armor
39:04 Chain Barding Armor
40:55 Conscription
41:16 Hand Cart
42:33 Gold Mining
42:35 Stone Mining
42:16 Elite Varangian Guard
44:35 Chain Mail Armor
45:20 Blast Furnace
43:59 Vendel Legacy
Pearlie
5:56 Loom
11:20 Feudal Age
12:08 Double-Bit Axe
12:28 Horse Collar
19:36 Castle Age
17:40 Gold Mining
19:29 Stone Mining
21:08 Bow Saw
21:51 Forging
22:34 Wheelbarrow
23:53 Hand Cart
25:52 Gold Shaft Mining
26:44 Heavy Plow
27:13 Town Watch
28:17 Stone Shaft Mining
29:48 Scale Barding Armor
31:17 Iron Casting
31:03 Chain Barding Armor
30:33 Fletching
31:07 Bloodlines
34:07 Husbandry
34:28 Padded Archer Armor
34:18 Fletching
35:12 Ballistics
35:12 Masonry
35:39 Grand Trunk Road
36:47 Leather Archer Armor
37:09 Scale Mail Armor
38:25 Chain Mail Armor
38:19 Fletching
39:39 Bodkin Arrow
39:43 Murder Holes
43:25 Imperial Age
42:54 Caravan
43:20 Squires
43:06 Arson
43:37 Heavy Camel Rider
45:51 Plate Barding Armor
46:18 Blast Furnace
45:58 Ring Archer Armor
46:16 Imperial Camel Rider
47:22 Imperial Camel Rider
ramiroale91
6:35 Loom
9:53 Feudal Age
11:08 Double-Bit Axe
11:13 Horse Collar
17:23 Wheelbarrow
22:15 Castle Age
22:11 Bloodlines
22:09 Scale Barding Armor
22:14 Forging
24:00 Bow Saw
26:37 Husbandry
31:48 Chain Barding Armor
32:46 Heavy Plow
32:45 Gold Mining
36:15 Imperial Age
36:07 Gold Shaft Mining
36:21 Ballistics
35:43 Treadmill Crane
38:22 Chemistry
38:14 Crop Rotation
38:05 Heavy Camel Rider
50:30 Plate Barding Armor
50:32 Iron Casting
52:13 Spies/Treason
Comecaramelos
6:12 Loom
9:04 Feudal Age
10:10 Double-Bit Axe
10:21 Horse Collar
17:56 Castle Age
17:23 Gold Mining
18:58 Wheelbarrow
19:02 Stone Mining
19:20 Heavy Plow
19:36 Squires
19:50 Forging
19:43 Scale Mail Armor
20:34 Town Watch
22:50 Iron Casting
22:32 Chain Mail Armor
25:49 Anarchy
30:21 Bow Saw
34:23 Hand Cart
37:06 Imperial Age
37:37 Elite Huskarl
40:49 Murder Holes
40:35 Treadmill Crane
42:01 Blast Furnace
42:39 Crop Rotation
47:29 Chemistry
51:58 Two-Man Saw
PNAL | Franco El Proctologo
6:53 Loom
9:11 Feudal Age
13:14 Double-Bit Axe
14:10 Forging
16:24 Horse Collar
20:45 Castle Age
21:46 Husbandry
22:26 Wheelbarrow
22:03 Bow Saw
21:56 Heavy Plow
28:13 Hand Cart
29:15 Bloodlines
33:13 Gold Mining
35:35 Iron Casting
35:06 Scale Barding Armor
35:48 Careening
38:12 Imperial Age
37:28 Fishing Lines
37:49 Cavalier
39:23 Gold Shaft Mining
39:50 Chain Barding Armor
40:32 Blast Furnace
39:40 Savar
43:14 Conscription
46:08 Plate Barding Armor
Connection lost

Rejoining the realm…

Still unreachable

The connection could not be restored.

Session expired

The server has moved on; the page needs a fresh start.